Map: Dusk Towers

Players

Alex

  • Race: Protoss Protoss
  • League: Gold

capac - Winner!

  • Race: Terran Terran
  • League: Gold

VOD

Have the link to the VOD?

Description

Time

  • Played on: April 14, 2016, 12:03 p.m.
  • Length: 13:22
Show
View Real Time Build Order
Export as new Build Order

Alex Protoss 

Build Orders:  

Get SALT Encoding   

  12  0:02  Probe (Chrono Boost)  
  13  0:13  Probe (Chrono Boost)  
  14  0:22  Pylon  
  14  0:24  Probe (Chrono Boost)  
  15  0:40  Probe (Chrono Boost), Gateway  
  16  0:50  Probe (Chrono Boost)  
  16  0:52  Assimilator  
  16  0:56  Assimilator  
  17  1:01  Probe (Chrono Boost)  
  18  1:11  Probe (Chrono Boost)  
  19  1:23  Probe (Chrono Boost)  
  20  1:27  Cybernetics Core  
  20  1:30  Pylon  
  20  1:33  Probe (Chrono Boost)  
  21  1:44  Probe (Chrono Boost)  
  22  1:56  Probe (Chrono Boost)  
  23  2:03  Warp Gate (Chrono Boost), Stalker  
  23  2:07  Mothership Core (Chrono Boost)  
  27  2:21  Nexus  
  27  2:33  Adept  
  29  2:41  Twilight Council  
  29  3:00  Adept  
  31  3:20  Resonating Glaives (Chrono Boost), Gateway  
  31  3:22  Gateway  
  31  3:32  Pylon  
  31  3:33  Probe  
  31  3:35  Probe, Pylon  
  33  3:58  Probe  
  33  3:59  Probe, Robotics Facility  
  35  4:05  Stalker  
  35  4:08  Probe  
  37  4:11  Probe  
  39  4:17  Stalker  
  39  4:19  Sentry  
  43  4:28  Probe  
  43  4:29  Probe  
  45  4:34  Sentry  
  45  4:38  Probe  
  47  4:41  Probe, Forge  
  49  4:47  Pylon  
  49  4:49  Probe  
  50  4:53  Probe, Pylon  
  50  4:55  Sentry x2  
  55  5:10  Probe  
  55  5:11  Probe  
  55  5:12  Blink (Chrono Boost)  
  57  5:17  Photon Cannon  
  57  5:20  Probe  
  57  5:23  Probe  
  59  5:34  Probe, Adept x2  
  59  5:35  Adept  
  65  5:36  Probe  
  65  5:40  Assimilator  
  67  5:44  Assimilator  
  67  5:45  Probe  
  67  5:47  Photon Cannon  
  67  5:48  Probe  
  69  5:55  Pylon  
  69  5:56  Probe  
  69  6:00  Probe  
  71  6:06  Probe  
  71  6:07  Stalker x3  
  78  6:14  Observer  
  78  6:16  Pylon  
  79  6:27  Protoss Ground Armor Level 1  
  79  6:32  Stalker x2  
  81  6:33  Stalker  
  85  6:40  Photon Cannon  
  85  6:41  Phoenix  
  85  7:00  Templar Archives  
  85  7:01  Stalker  
  85  7:02  Stalker x2  
  91  7:29  Nexus  
  91  7:31  Pylon  
  91  7:33  Pylon  
  91  7:34  Stalker  
  93  7:41  Psionic Storm  
  93  7:45  Pylon  
  93  7:48  Warp Prism  
  93  7:49  Pylon  
  95  7:51  Pylon  
  95  7:55  Pylon  
  95  7:59  Pylon  
  95  8:01  Pylon  
  95  8:07  Pylon  
  95  8:10  Pylon  
  95  8:21  High Templar x3, Protoss Ground Weapons Level 1 (Chrono Boost)  
  95  8:25  Observer  
  102  8:57  Observer  
  103  9:12  Gateway  
  103  9:13  Gateway  
  103  9:16  Gateway  
  103  9:18  Gateway  
  95  9:57  Zealot  
  95  9:58  Zealot x2  
  101  10:03  Protoss Ground Armor Level 2 (Chrono Boost)  
  101  10:08  Probe x2  
  101  10:09  Probe  
  104  10:18  Probe x2  
  104  10:19  Assimilator  
  104  10:21  Probe  
  104  10:23  Assimilator  
  105  10:30  Stalker  
  105  10:31  Stalker x2  
  105  10:33  Probe  
  112  10:46  Gateway  
  112  10:47  Gateway  
  112  10:49  Gateway  
  112  10:51  Pylon  
  112  10:53  Pylon  
  112  10:58  Gateway x2  
  112  11:00  Gateway  
  112  11:04  Probe x2  
  112  11:05  Probe  
  115  11:16  Robotics Bay  
  115  11:17  Probe  
  116  11:19  Pylon  
  116  11:20  Warp Prism  
  118  11:27  Robotics Facility  
  118  11:29  Robotics Facility  
  118  11:53  High Templar x2  
  122  11:54  High Templar  
  124  12:18  Colossus x3  
  101  13:10  Zealot x2  
  101  13:11  Zealot x5  
Show
View Real Time Build Order
Export as new Build Order

capac Terran - Winner!

Build Orders: Reaper Expand, MMM Bio 

Get SALT Encoding   

  12  0:00  SCV  
  13  0:13  SCV  
  14  0:18  Supply Depot  
  14  0:25  SCV  
  15  0:39  SCV  
  15  0:41  Barracks  
  16  0:44  Refinery  
  16  0:51  SCV  
  17  1:03  SCV  
  18  1:15  SCV  
  19  1:30  Orbital Command  
  19  1:32  Reaper  
  20  1:34  Supply Depot  
  20  1:48  Barracks  
  20  1:54  Command Center  
  20  2:07  Marine  
  21  2:12  Factory  
  21  2:13  SCV  
  22  2:25  SCV  
  22  2:29  Refinery  
  23  2:35  Barracks, Barracks Reactor  
  23  2:38  SCV  
  24  2:56  Factory Tech Lab  
  24  3:00  Barracks  
  24  3:01  SCV  
  25  3:11  Marine x2  
  27  3:16  Orbital Command  
  27  3:23  Starport  
  27  3:24  SCV  
  27  3:26  Barracks Tech Lab  
  28  3:31  Marine x2  
  30  3:40  Siege Tank  
  33  3:49  Barracks Reactor  
  33  3:53  SCV  
  34  3:56  SCV  
  34  4:01  Refinery  
  35  4:07  SCV  
  35  4:08  SCV  
  39  4:11  Starport Reactor  
  39  4:14  Marine  
  39  4:15  Marine  
  39  4:19  SCV  
  39  4:20  SCV  
  39  4:22  Marauder  
  43  4:27  Marine  
  43  4:31  Supply Depot, SCV  
  45  4:32  SCV  
  46  4:40  Marine x2  
  46  4:41  Marine  
  46  4:43  Marauder, SCV  
  52  4:47  Stimpack  
  52  4:53  Siege Tank  
  52  4:57  SCV x2  
  57  5:01  Supply Depot  
  57  5:08  Engineering Bay  
  57  5:13  Medivac  
  59  5:15  Medivac  
  59  5:17  SCV  
  62  5:23  SCV  
  63  5:32  Siege Tank  
  63  5:33  SCV  
  63  5:35  SCV  
  67  5:36  Refinery  
  67  5:46  SCV  
  67  5:47  Missile Turret  
  67  5:48  Missile Turret  
  68  5:50  Marine  
  68  5:51  Marine  
  70  5:59  Supply Depot  
  70  6:03  Supply Depot  
  70  6:20  Marine  
  70  6:25  Missile Turret  
  71  6:26  SCV x2  
  71  6:29  Supply Depot  
  73  6:33  Terran Infantry Weapons Level 1  
  73  6:35  Marine x3  
  73  6:37  Marauder  
  78  6:42  Liberator x2  
  78  6:45  Command Center  
  78  6:55  Supply Depot  
  78  6:58  Starport  
  84  7:04  Supply Depot  
  84  7:05  SCV x2  
  86  7:09  Marine x4  
  86  7:10  Marine  
  91  7:16  Combat Shields  
  91  7:18  Barracks  
  91  7:20  Supply Depot  
  91  7:26  SCV x2  
  91  7:28  Supply Depot  
  93  7:36  Liberator x2  
  93  7:52  Supply Depot  
  93  7:55  Marine x4  
  93  7:56  Marauder  
  105  8:06  Missile Turret  
  105  8:07  Barracks Reactor  
  105  8:11  Siege Tank  
  108  8:15  Supply Depot, Barracks  
  108  8:17  Starport Reactor  
  108  8:28  Marine x4  
  108  8:29  Marauder  
  108  8:32  Terran Infantry Armor Level 1  
  114  8:39  Armory  
  114  8:46  Supply Depot  
  114  8:51  SCV x2  
  114  8:55  Orbital Command  
  116  9:09  Barracks  
  116  9:10  Barracks Tech Lab  
  116  9:12  Barracks  
  116  9:15  Supply Depot  
  116  9:16  Marine x3  
  116  9:17  Marine  
  119  9:22  Missile Turret  
  119  9:36  Liberator x2  
  118  9:45  SCV x2  
  119  9:46  SCV  
  119  9:47  Missile Turret  
  118  9:54  Marine x5  
  118  9:55  Marauder, Marine  
  118  9:58  Barracks Tech Lab  
  130  10:00  Barracks Reactor  
  130  10:03  Refinery  
  127  10:07  Supply Depot, Refinery  
  123  10:30  Medivac x2  
  123  10:35  Terran Infantry Weapons Level 2  
  127  10:36  Medivac x2  
  131  10:44  Marine  
  131  10:45  Marine x5  
  131  10:46  Marine  
  138  10:51  SCV  
  138  10:52  SCV  
  138  10:55  Supply Depot  
  140  11:02  Liberator  
  140  11:03  Engineering Bay  
  140  11:10  Medivac x2  
  144  11:18  Medivac  
  144  11:21  Terran Ship Weapons Level 1  
  144  11:22  Marine  
  144  11:23  Marine  
  151  11:55  Liberator x4, Command Center  
  163  12:18  Fusion Core  
  163  12:23  Starport  
Tags
 
Composition
MMM Bio
League
GoldGold
Matchup
PvT
Add a new tag
Caveats
  • Supply blocks, unpowered buildings, or Contaminate may cause inaccurate times.
  • Supply counts are checked every 10 seconds.